 Dungeon Crawl Stone Soup version 0.16-a0-3272-g378764d (webtiles) character file.

330 TittyCrusher the Cudgeler (level 6, -6/47 HPs)
             Began as a Formicid Fighter on Apr 14, 2015.
             Was an Initiate of Wulndraste.
             Killed by the air
             ... invoked by Prince Ribbit the wind drake (shapeshifter)
              (10 damage)
             ... on level 4 of the Dungeon.
             The game lasted 00:08:42 (2397 turns).

TittyCrusher the Cudgeler (Formicid Fighter)        Turns: 2397, Time: 00:08:42

Health: -6/47      AC: 13    Str: 22    XL:     6   Next: 81%
Magic:  8/8        EV:  4    Int:  8    God:    Wulndraste [......]
Gold:   219        SH:  9    Dex: 10    Spells: 0 memorised, 5 levels left

rFire  . . .     SeeInvis +     a - +1 flail
rCold  + . .     Clarity  .     h - +1 plate armour {rN+}
rNeg   + . .     SustAb   .     c - +0 shield
rPois  .         Gourm    .     (helmet unavailable)
rElec  .         Spirit   .     q - +0 cloak
rCorr  .         Warding  .     (no gloves)
rMut   +         Stasis   +     (no boots)
MR     +....                    o - amulet of resist mutation
Stlth  ..........               f - ring of protection from cold
                                j - ring of protection from magic

@: somewhat resistant to hostile enchantments, extremely unstealthy
A: permanent stasis, dig shafts and tunnels, four strong arms, antennae 3
a: Dig, Shaft Self, Renounce Religion


You were on level 4 of the Dungeon.
You worshipped Wulndraste.
Wulndraste was noncommittal.
You were not hungry.

You visited 1 branch of the dungeon, and saw 4 of its levels.

You collected 219 gold pieces.

Inventory:

Hand weapons
 a - a +1 flail (weapon)
 l - a +0 dagger of chaos
 m - a +1 spear of chaos
Armour
 c - a +0 shield (worn)
 h - a +1 plate armour of positive energy (worn)
 q - a +0 cloak (worn)
Jewellery
 f - a ring of protection from cold (right hand)
 j - a ring of protection from magic (left hand)
 n - an uncursed ring of stealth
 o - an amulet of resist mutation (around neck)
Magical devices
 v - a wand of polymorph (0)
Scrolls
 b - 3 scrolls of remove curse
Potions
 e - a potion of might
 i - 2 potions of flight
Books
 g - a book of Geomancy

   Spells                             Type                      Level
   a - Sandblast                      Earth                        1
   b - Stoneskin                      Transmutation/Earth          2
   c - Passwall                       Transmutation/Earth          3
   d - Stone Arrow                    Conjuration/Earth            3
   e - Petrify                        Transmutation/Earth          4
   f - Lee's Rapid Deconstruction     Earth                        5
Comestibles
 d - a bread ration
 k - 2 royal jellies
 p - 2 beef jerkies
 t - a chunk of flesh
 u - a slice of pizza


   Skills:
 - Level 3.2 Fighting
 + Level 6.7 Maces & Flails
 - Level 3.2 Armour
 - Level 3.6 Shields


You had 5 spell levels left.
You didn't know any spells.

Dungeon Overview and Level Annotations

Branches:
Dungeon (4/15)
 Temple: D:4-7

Altars:
Ashenzari
Kikubaaqudgha
Vehumet Wulndraste
Xom

Shops:
D:4 %

Annotations:
D:4 Prince Ribbit


Innate Abilities, Weirdness & Mutations

You are under a permanent stasis effect.
You can dig through walls and to a lower floor.
Your four strong arms can wield two-handed weapons with a shield.
You have a pair of large antennae on your head (SInv).


Message History

Here: Prince Ribbit the shapeshifter The floor.
Prince Ribbit the black bear comes into view.
Prince Ribbit the unseen horror comes into view.
You block Prince Ribbit's attack. Prince Ribbit hits you!
* * * LOW HITPOINT WARNING * * *
Evoke which item? (* to show all) (? for menu, Esc to quit)
Zapping:
v - a wand of polymorph {zapped: 2} (will waste charges)
Press: ? - help, Shift-Dir - straight line, f/p - Prince Ribbit
Aim: Prince Ribbit the unseen horror (slightly transparent) Prince Ribbit the unseen horror changes into a shapeshifter!
Evoking this partially-identified wand wasted a few charges.
Prince Ribbit the shapeshifter changes into a troll!
You feel a little less mighty now.
Prince Ribbit the wind drake comes into view.
Prince Ribbit begins deflecting missiles!
Prince Ribbit flaps its wings at you. The air twists around and strikes you!
You die...

.....##.# ##.###...###
....###.# #.#.......#
...## #.# #.#.......#
#### #.# #.#.......# ..#
#.######.###...#.# ..#
#.##...#.# #...#.#
..#####.##†..#.# #####.#
#..<...........#######.#
########.>.....>@...k..#
#.......#########
###...### #...# #####


You could see Prince Ribbit the wind drake.

Vanquished Creatures
  A hound (D:4)
  A vampire bat (D:4)
  An orc priest (D:3)
  A giant frog skeleton (D:4)
  A worker ant (D:4)
  5 adders
  5 gnolls
  A giant mite (D:3)
  A worm (D:3)
  An adder skeleton (D:4)
  3 giant geckos
  An ooze (D:1)
  6 orcs (D:3)
  A ball python (D:1)
  A bat zombie (D:3)
  4 goblins
  7 hobgoblins
  8 kobolds
  15 bats
  5 giant cockroaches
  2 giant newts
  A quokka (D:4)
  8 rats
  4 rat zombies (D:3)
84 creatures vanquished.

Notes
Turn   | Place    | Note
--------------------------------------------------------------
     0 | D:1      | TittyCrusher, the Formicid Fighter, began the quest for the Orb.
     0 | D:1      | Reached XP level 1. HP: 18/18 MP: 1/1
     3 | D:1      | Noticed an electric eel
     3 | D:1      | Noticed an electric eel
    70 | D:1      | Reached XP level 2. HP: 18/24 MP: 3/3
   119 | D:1      | Found a shattered altar of Ashenzari.
   403 | D:1      | Reached XP level 3. HP: 29/29 MP: 4/4
   667 | D:2      | Reached skill level 4 in Maces & Flails
   667 | D:2      | Reached XP level 4. HP: 24/35 MP: 5/5
   689 | D:2      | Found a shimmering altar of Xom.
  1345 | D:3      | Reached XP level 5. HP: 36/41 MP: 7/7
  1408 | D:3      | Found an ancient bone altar of Kikubaaqudgha.
  1435 | D:3      | Found a radiant altar of Vehumet.
  1525 | D:3      | Reached skill level 5 in Maces & Flails
  1705 | D:3      | Found a flag-altar of Wulndraste.
  1718 | D:3      | Became a worshipper of Wulndraste the Wayfarer
  1997 | D:4      | Reached XP level 6. HP: 47/47 MP: 8/8
  2040 | D:4      | Reached skill level 6 in Maces & Flails
  2179 | D:4      | Found Riecou Tedd's Food Shop.
  2340 | D:4      | Noticed Prince Ribbit
  2374 | D:4      | Noticed Prince Ribbit
  2374 | D:4      | Prince Ribbit changed into Prince Ribbit the shapeshifter
  2380 | D:4      | Noticed Prince Ribbit
  2386 | D:4      | Noticed Prince Ribbit
  2388 | D:4      | Noticed Prince Ribbit
  2388 | D:4      | Prince Ribbit the unseen horror changed into Prince Ribbit the shapeshifter
  2388 | D:4      | Noticed Prince Ribbit
  2388 | D:4      | Prince Ribbit the shapeshifter changed into Prince Ribbit the troll
  2395 | D:4      | Noticed Prince Ribbit
  2397 | D:4      | Killed from afar by Prince Ribbit the wind drake (shapeshifter)

Action                   |  1- 3 |  4- 6 || total
-------------------------+-------+-------++-------
Melee: Flail             |    58 |   243 ||   301
 Abil: Dig               |     1 |     3 ||     4
Evoke: Wand              |       |     2 ||     2
  Use: Scroll            |     4 |     6 ||    10
       Potion            |       |     5 ||     5
 Stab: Invisible         |       |     1 ||     1
       Distracted        |       |     1 ||     1
  Eat: Chunk             |       |     6 ||     6
